 Dungeon Crawl Stone Soup version 0.24.0-13-gcf9b319 (webtiles) character file.

Game seed: 2965075253840977329, levelgen mode: deterministic

3455 Fang the Fighter (level 10, 0/65 HPs)
             Began as a Gargoyle Fighter on Dec 17, 2019.
             Was a Believer of Trog.
             Slain by a killer bee (4 damage)
             ... on level 8 of the Dungeon.
             The game lasted 00:09:42 (4919 turns).

Fang the Fighter (Gargoyle Fighter)                 Turns: 4919, Time: 00:09:43

Health: 0/65       AC: 25    Str: 22    XL:     10   Next: 6%
Magic:  10/10      EV:  7    Int: 10    God:    Trog [**....]
Gold:   342        SH: 12    Dex:  9    Spells: 9/9 levels left

rFire    . . .     SeeInvis .   a - +1 war axe
rCold    + . .     Gourm    .   B - +1 shield
rNeg     + . .     Faith    .   b - +0 chain mail
rPois    ∞         Spirit   .   (no helmet)
rElec    +         Reflect  .   v - +2 cloak
rCorr    .         Harm     .   (no gloves)
MR       ++...                  j - +2 pair of boots
Stlth    ..........             k - amulet of regeneration
HPRegen  1.60/turn              i - ring of protection from cold
MPRegen  0.12/turn              t - ring of stealth

@: berserk cooldown, regenerating
A: negative energy resistance 1, electricity resistance, unbreathing,
petrification resistance, rot immunity, AC +7
a: Berserk, Trog's Hand, Renounce Religion


You were on level 8 of the Dungeon.
You worshipped Trog.
Trog was pleased with you.
You were very hungry.

You visited 2 branches of the dungeon, and saw 9 of its levels.

You collected 397 gold pieces.
You spent 55 gold pieces at shops.

Inventory:

Hand Weapons
 a - a +1 war axe (weapon)
Armour
 b - a +0 chain mail (worn)
 j - a +2 pair of boots (worn)
 v - a +2 cloak (worn)
 B - a +1 shield (worn)
Jewellery
 i - a ring of protection from cold (left hand)
 k - an amulet of regeneration (around neck)
 n - a +3 amulet of reflection
 t - a ring of stealth (right hand)
Wands
 l - a wand of flame (13)
 u - a wand of iceblast (4)
Scrolls
 g - a scroll of enchant armour
 h - 3 scrolls of remove curse
 m - 3 scrolls of teleportation
 q - a scroll of identify
Potions
 d - a potion of might
 e - a potion of ambrosia
 f - a potion of haste
 o - 3 potions of curing
 p - 2 potions of resistance
 r - 4 potions of heal wounds
 w - 2 potions of flight {unknown}
Comestibles
 c - 16 rations
 s - 4 chunks of flesh


   Skills:
 + Level 8.4 Fighting
 + Level 6.5 Axes
 + Level 8.4 Armour
 + Level 8.3 Shields


You had 9 spell levels left.
You didn't know any spells.
Your spell library contained the following spells:

 Spells                   Type           Power        Failure   Level  Hunger
 Summon Small Mammal      Summ           #...         99%         1    ##.....
 Call Imp                 Summ           #.......     100%        2    ###....
 Call Canine Familiar     Summ           #.......     100%        3    ####...
 Summon Guardian Golem    Hex/Summ       #.......     100%        3    ####...
 Summon Ice Beast         Ice/Summ       #.......     100%        4    #####..
 Summon Lightning Spire   Summ/Air       #.......     100%        4    #####..


Dungeon Overview and Level Annotations

Branches:
Dungeon (8/15)             Temple (1/1) D:4            Lair (0/6) D:8

Altars:
Ashenzari
Cheibriados
Elyvilon
Okawaru
Qazlal
Trog
Yredelemnul
The Shining One

Shops:
D:4 !

Annotations:
D:5 2 transporters, pkoi's ghost, novice MiGl


Innate Abilities, Weirdness & Mutations

You are resistant to torment.
Your stone body is resilient. (AC +7)
You are immune to poison.
You resist negative energy. (rN+)
You are resistant to electric shocks. (rElec)
You can survive without breathing.
You are immune to petrification.
You are immune to rotting.


Message History

Your shield and chain mail prevent you from hitting the killer bee.
You barely miss the killer bee. The killer bee barely misses you.
The killer bee closely misses you. You block the killer bee's attack.
The killer bee stings you but does no damage. x2
The killer bee closely misses you.
The killer bee stings you but does no damage. x2
The killer bee barely misses you. You block the killer bee's attack.
The killer bee stings you.
* * * LOW HITPOINT WARNING * * *
The killer bee closely misses you.
You closely miss the killer bee. x3
You feel yourself speed up.
The killer bee stings you but does no damage.
The killer bee stings you.
* * * LOW HITPOINT WARNING * * *
The killer bee stings you but does no damage.
The killer bee stings you.
* * * LOW HITPOINT WARNING * * *
You block the killer bee's attack. The killer bee stings you.
You die...

###### #.... ....
#### #..# ## ...##..
#.# .....##.#
#.#..#.# #.#...# .
#..@y## #.#.##
###yy†# ##......
#...### .#..#.#
##.....####......
.................# #
#######.[....#...#.#
#...<...........#
#.###..##.....## #
#..##..#.##


You could see 3 killer bees.

Vanquished Creatures
  Pikel (D:7)
  A queen bee (D:8)
  A hungry ghost (D:7)
  A sky beast (D:8)
  4 slaves (D:7)
  2 phantoms (D:6)
  4 ogres
  3 centaurs
  A gnoll sergeant (D:7)
  2 bullfrogs (D:6)
  17 killer bees
  2 crimson imps (D:6)
  A centaur zombie (D:8)
  A quasit (D:7)
  A jelly (D:7)
  Crazy Yiuf (D:4)
  A bullfrog skeleton (D:4)
  3 iguanas
  2 orc priests (D:4)
  4 orc wizards
  5 worker ants
  A killer bee zombie (D:7)
  A hound skeleton (D:4)
  Robin (D:2)
  6 gnolls
  10 adders
  An ooze (D:1)
  2 adder skeletons (D:4)
  4 worms
  3 leopard geckos
  18 orcs
  6 giant cockroaches
  12 goblins
  9 hobgoblins
  3 jackals (D:4)
  10 kobolds
  3 quokkas
  4 ball pythons
  6 bats
  A jackal skeleton (D:5)
  A quokka skeleton (D:4)
  A quokka zombie (D:2)
  10 rats
171 creatures vanquished.

Vanquished Creatures (others)
  A kobold (D:2)
1 creature vanquished.

Grand Total: 172 creatures vanquished

Notes
Turn   | Place    | Note
-------+----------+-------------------------------------------
     0 | D:1      | Fang the Gargoyle Fighter began the quest for the Orb.
     0 | D:1      | Reached XP level 1. HP: 14/14 MP: 1/1
    89 | D:1      | Reached XP level 2. HP: 16/19 MP: 2/2
   327 | D:1      | Reached XP level 3. HP: 23/23 MP: 3/3
   900 | D:2      | Noticed Robin
   908 | D:2      | Reached XP level 4. HP: 29/29 MP: 4/4
   912 | D:2      | Killed Robin
  1302 | D:3      | Reached XP level 5. HP: 10/33 MP: 5/5
  1870 | D:4      | Reached XP level 6. HP: 39/39 MP: 6/6
  1998 | D:4      | You fall into a shaft and drop 1 floor!
  1998 | D:5      | Entered Level 5 of the Dungeon
  2101 | D:5      | Reached skill level 5 in Fighting
  2101 | D:5      | Reached skill level 5 in Armour
  2101 | D:5      | Reached skill level 5 in Shields
  2102 | D:5      | Found a transporter.
  2102 | D:5      | Noticed pkoi's ghost (novice MiGl)
  2235 | D:5      | Reached XP level 7. HP: 41/44 MP: 7/7
  2607 | D:5      | Found a transporter.
  2778 | D:4      | Found a runed translucent door.
  2779 | D:4      | Noticed Crazy Yiuf
  2785 | D:4      | Killed Crazy Yiuf
  2809 | D:4      | Found Wyumidghu's Distillery.
  2817 | D:4      | Bought a potion of heal wounds for 55 gold pieces
  2861 | D:4      | Found a staircase to the Ecumenical Temple.
  2870 | D:4      | HP: 1/44 [orc priest (3)]
  2996 | Temple   | Entered the Ecumenical Temple
  3006 | Temple   | Became a worshipper of Trog the Wrathful
  3228 | D:6      | Reached XP level 8. HP: 51/51 MP: 8/8
  3742 | D:6      | Found a glowing golden altar of the Shining One.
  3919 | D:7      | Found an iron altar of Okawaru.
  3961 | D:7      | Reached skill level 5 in Axes
  3997 | D:7      | Noticed Pikel
  4032 | D:7      | Killed Pikel
  4032 | D:7      | Reached XP level 9. HP: 56/57 MP: 9/9
  4078 | D:7      | Reached * piety under Trog
  4807 | D:8      | Found a staircase to the Lair.
  4874 | D:8      | Noticed a queen bee
  4894 | D:8      | Killed a queen bee
  4894 | D:8      | Reached XP level 10. HP: 35/64 MP: 10/10
  4901 | D:8      | Reached ** piety under Trog
  4919 | D:8      | Slain by a killer bee

Levels and vault maps discovered:
D:1:      dpeg_arrival_rooms_b, layout_rooms
D:2:      layout_loops_ring, first_ration, minmay_increasing_density, uniq_robin
D:3:      layout_rooms
D:4:      layout_rooms, temple_hall, serial_shops, shop, minmay_pentomino_pile,
          uniq_crazy_yiuf_cottage
D:5:      layout_basic, gammafunk_ghost_mausoleum
D:6:      layout_basic, tso_oasis_becter
D:7:      layout_basic, okawaru_gym_becter, uniq_pikel
D:8:      layout_loops_ring, nicolae_overflow_crystal_walls,
          kennysheep_little_box, lair_entry_dummy, serial_shops,
          nicolae_shop_statue_plus, david_nohive_1, makhleb_blood_cavern_becter
Temple:   eino_temple_rhombus

Skill      XL: |  1  2  3  4  5  6  7  8  9 |
---------------+----------------------------+-----
Axes           | 2 3 4 5 6 |  6.5
Armour         | 4 5 7 8 |  8.4
Fighting       | 4 5 7 8 |  8.4
Shields        | 4 5 7 8 |  8.3

Action                   |  1- 3 |  4- 6 |  7- 9 | 10-12 || total
-------------------------+-------+-------+-------+-------++-------
Melee: War axe           |   110 |   154 |   375 |    18 ||   657
Invok: Berserk           |       |       |     1 |       ||     1
       Trog's Hand       |       |       |       |     1 ||     1
  Use: Scroll            |     7 |     3 |     8 |       ||    18
       Potion            |       |       |     2 |       ||     2
  Eat: Chunk             |       |     5 |    10 |       ||    15
       Ration            |       |       |     1 |       ||     1
Armor: Scale mail        |    55 |   134 |    28 |       ||   217
       Chain mail        |       |       |   425 |    62 ||   487
Dodge: Dodged            |    48 |    50 |   166 |    36 ||   300
Block: Shield            |    89 |   100 |   357 |    49 ||   595
       Reflection        |     4 |       |       |       ||     4
